 Dungeon Crawl Stone Soup version 0.17-a0-957-ga3519be (webtiles) character file.

560 Lukitari the Skirmisher (level 7, -19/54 HPs)
             Began as a Demonspawn Fighter on May 7, 2015.
             Demolished by an ogre
             ... wielding a +0 giant spiked club
              (27 damage)
             ... on level 4 of the Dungeon.
             The game lasted 00:22:13 (2776 turns).

Lukitari the Skirmisher (Demonspawn Fighter)        Turns: 2776, Time: 00:22:13

Health: -19/54     AC: 11    Str: 16    XL:     7   Next: 9%
Magic:  5/5        EV: 12    Int:  9    God:
Gold:   74         SH:  0    Dex: 17    Spells: 0 memorised, 6 levels left

rFire  . . .     SeeInvis .     j - +5 quarterstaff (chaos)
rCold  . . .     Clarity  .     h - +2 ring mail {rPois}
rNeg   + . .     SustAb   .     (no shield)
rPois  +         Gourm    .     s - +0 helmet
rElec  .         Spirit   .     c - +0 cloak
rCorr  .         Warding  +     (no gloves)
rMut   .         Stasis   .     (no boots)
MR     .....                    p - amulet of warding
Stlth  +.........               (no ring)
                                (no ring)

@: not resistant to hostile enchantments, very unstealthy
A: claws 2, icy blue scales 1, agile 1, low mp 2
a: no special abilities


You were on level 4 of the Dungeon.
You were not hungry.

You visited 1 branch of the dungeon, and saw 4 of its levels.

You collected 74 gold pieces.

Inventory:

Hand weapons
 a - a +0 flail
 d - a +0 scythe of protection
 j - a +5 quarterstaff of chaos (weapon)
 l - a cursed -2 hammer
Armour
 b - a +0 scale mail
 c - a +0 cloak (worn)
 h - a +2 ring mail of poison resistance (worn)
 s - a +0 helmet (worn)
Jewellery
 p - an amulet of warding (around neck)
Scrolls
 k - 2 scrolls of identify
 q - a scroll of remove curse
Potions
 g - 2 potions of degeneration
 o - a potion of heal wounds {unknown}
 r - a potion of curing
 t - a potion of poison {unknown}
Comestibles
 e - 2 bread rations
 f - a beef jerky
 i - a slice of pizza
 m - a meat ration


   Skills:
 + Level 4.2 Fighting
 + Level 2.6(3.0) Maces & Flails
 + Level 2.0(2.6) Staves
 + Level 4.2 Armour
 + Level 2.8 Dodging
 + Level 1.7 Stealth
   Level 3.5 Shields


You had 6 spell levels left.
You didn't know any spells.

Dungeon Overview and Level Annotations

Branches:
Dungeon (4/15)
 Temple: D:4-7

Altars:


Innate Abilities, Weirdness & Mutations

You have very sharp fingernails.
You are partially covered in icy blue scales (AC +1).
You are agile. (Dex +2)
Your magical capacity is very low (-20% MP).


Message History

The ogre is moderately wounded.
The ogre completely misses you.
You thump the ogre! You freeze the ogre.
The ogre is heavily wounded.
The ogre completely misses you.
You completely miss the ogre.
The ogre is heavily wounded.
The ogre hits you with a giant spiked club!!
Ouch! That really hurt!
* * * LOW HITPOINT WARNING * * *
The ogre hits you with a giant spiked club!
* * * LOW HITPOINT WARNING * * *
The ogre closely misses you.
There is an open door here.
The ogre closely misses you.
There is an open door here.
You hear the slow rusting of a very distant drain.
The ogre hits you with a giant spiked club!!
Ouch! That really hurt!
You die...

#.# #.# #.# #.#
##.## #.# ... ##'##
#.# ##...##
#.####### ##.....##
#.)..†..###.......##
###..)#.##.........#
#......@O..)......+
##...#.##.........#
##.##.###.......##
####.# ##.....## #.#
##...## ... ##+##
^#. .


You could see an ogre (berserk).

Vanquished Creatures
  Sigmund (D:2)
  The ghost of agentgt the Cutter, an average HECK of Xom (D:3)
  2 iguanas (D:3)
  2 orc wizards
  Crazy Yiuf (D:2)
  An orc priest (D:3)
  Terence (D:3)
  Robin (D:3)
  2 adders
  A river rat (D:3)
  2 oozes
  2 worms (D:2)
  A giant gecko (D:1)
  9 orcs
  A ball python (D:1)
  A giant cockroach (D:1)
  12 hobgoblins
  9 kobolds
  A quokka (D:2)
  9 bats
  4 giant newts
  12 goblins
  7 rats
83 creatures vanquished.

Notes
Turn   | Place    | Note
--------------------------------------------------------------
     0 | D:1      | Lukitari, the Demonspawn Fighter, began the quest for the Orb.
     0 | D:1      | Reached XP level 1. HP: 18/18 MP: 1/1
   160 | D:1      | Gained mutation: You have sharp fingernails. [demonic ancestry]
   160 | D:1      | Reached XP level 2. HP: 24/24 MP: 2/2
   909 | D:1      | Gained mutation: You have very sharp fingernails. [demonic ancestry]
   909 | D:1      | Reached XP level 3. HP: 29/29 MP: 3/3
  1238 | D:2      | Reached skill level 1 in Dodging
  1297 | D:2      | Noticed Crazy Yiuf
  1308 | D:2      | Killed Crazy Yiuf
  1308 | D:2      | Reached XP level 4. HP: 6/35 MP: 4/4
  1654 | D:2      | Noticed Sigmund
  1667 | D:2      | Gained mutation: Your magical capacity is low (-10% MP). [potion of mutation]
  1667 | D:2      | Gained mutation: You are agile. (Dex +2) [potion of mutation]
  1667 | D:2      | Gained mutation: Your magical capacity is very low (-20% MP). [potion of mutation]
  1677 | D:2      | Killed Sigmund
  1677 | D:2      | Reached skill level 4 in Armour
  1677 | D:2      | Reached XP level 5. HP: 22/42 MP: 4/4
  1937 | D:3      | Noticed Robin
  1948 | D:3      | Killed Robin
  1948 | D:3      | Reached XP level 6. HP: 33/48 MP: 1/4
  2155 | D:3      | Reached skill level 1 in Staves
  2186 | D:3      | Noticed Terence
  2192 | D:3      | Killed Terence
  2200 | D:3      | Reached skill level 1 in Stealth
  2678 | D:3      | Noticed agentgt's ghost (average HECK)
  2690 | D:3      | Killed agentgt's ghost
  2690 | D:3      | Gained mutation: You are partially covered in icy blue scales (AC +1). [demonic ancestry]
  2690 | D:3      | Reached XP level 7. HP: 32/54 MP: 5/5
  2776 | D:4      | Demolished by an ogre

Action                   |  1- 3 |  4- 6 |  7- 9 || total
-------------------------+-------+-------+-------++-------
Melee: Flail             |   128 |       |       ||   128
       Quarterstaff      |       |   107 |    12 ||   119
  Use: Potion            |     5 |     1 |       ||     6
       Scroll            |       |     4 |       ||     4
 Stab: Confused          |       |     1 |       ||     1
       Paralysed         |       |     3 |       ||     3
  Eat: Bread ration      |     1 |       |       ||     1
       Chunk             |       |     1 |     1 ||     2
